 Dungeon Crawl Stone Soup version 0.28-a0-476-g0f06bd746f (webtiles) character file.

Game seed: 4564276119778251795

17577 robertstho the Protected (level 12, -3/79 HPs)
             Began as a Gargoyle Fighter on Sept 16, 2021.
             Was an Elder of the Shining One.
             Slain by a boulder beetle (21 damage)
             ... on level 11 of the Dungeon.
             The game lasted 00:27:04 (15705 turns).

robertstho the Protected (Gargoyle Fighter)        Turns: 15705, Time: 00:27:05

Health: -3/79      AC: 31    Str: 26    XL:     12   Next: 49%
Magic:  20/25      EV:  9    Int: 12    God:    the Shining One [****..]
Gold:   928        SH:  6    Dex: 17    Spells: 11/11 levels left

rFire   + . .      SeeInvis .   f - +9 hunting sling "Uclah" {flame, Fly rF+ Str+2}
rCold   . . .      Faith    .   c - +0 buckler
rNeg    + + +      Spirit   .   F - +0 plate armour
rPois   ∞          Reflect  .   B - +2 helmet
rElec   +          Harm     .   l - +1 cloak
rCorr   +          Rampage  .   (no gloves)
Will    .....      Rnd*Tele +   i - +0 pair of boots
Stlth   ..........              o - amulet of the acrobat
HPRegen 0.23/turn               r - +6 ring of dexterity
MPRegen 0.19/turn               p - ring "Xiumuhaj" {rN+ rCorr MP+9 Int+2 Dex+2}

@: attractive, flying, hasted, glowing, studying Spellcasting, very quick
A: sickness immunity, AC +8, negative energy resistance 1, electricity
resistance, torment resistance 1, petrification resistance, teleportitis 1
a: Renounce Religion, Divine Shield, Cleansing Flame


You were on level 11 of the Dungeon.
You worshipped the Shining One.
The Shining One was greatly pleased with you.
You visited 3 branches of the dungeon, and saw 14 of its levels.

You collected 1450 gold pieces.
You spent 522 gold pieces at shops.

Inventory:

Hand Weapons
 f - the +9 hunting sling "Uclah" (weapon) {flame, Fly rF+ Str+2}
   (You found it on level 8 of the Dungeon)

   Any ammunition fired from it burns those it strikes, dealing additional fire
   damage.
   Str:       It affects your strength (+2).
   rF:        It protects you from fire.
   Fly:       It grants you flight.
 u - a +3 flail of protection
 C - a +3 morningstar
Missiles
 a - 224 stones (quivered ammo)
 G - 76 sling bullets
Armour
 c - a +0 buckler (worn)
 i - a +0 pair of boots (worn)
 l - a +1 cloak (worn)
 B - a +2 helmet (worn)
 F - a +0 plate armour (worn)
Jewellery
 b - a ring of willpower
 d - a +6 ring of intelligence
 e - an amulet of magic regeneration
 m - a ring of magical power
 o - an amulet of the acrobat (around neck)
 p - the ring "Xiumuhaj" (right hand) {rN+ rCorr MP+9 Int+2 Dex+2}
   (You acquired it on level 10 of the Dungeon)

   [ring of positive energy]

   Int:       It affects your intelligence (+2).
   Dex:       It affects your dexterity (+2).
   rN:        It protects you from negative energy.
   MP:        It affects your magic capacity (+9).
   rCorr:     It protects you from acid and corrosion.
 r - a +6 ring of dexterity (left hand)
 E - a ring of protection from fire
 H - a ring of magical power
Wands
 z - a wand of acid (15)
 D - a wand of charming (8)
 J - a wand of mindburst (8)
Scrolls
 k - 3 scrolls of enchant armour
 v - 3 scrolls of enchant weapon
 w - a scroll of magic mapping
Potions
 h - a potion of ambrosia
 j - 3 potions of lignification
 n - 3 potions of mutation {unknown}
 s - a potion of attraction
 t - 2 potions of resistance
 A - a potion of cancellation


   Skills:
 * Level 10.7 Fighting
 + Level 9.7 Maces & Flails
 + Level 7.0 Slings
 * Level 11.1 Armour
 + Level 3.1 Dodging
 + Level 6.7 Shields
 * Level 6.1 Invocations
 + Level 0.3 Evocations


You had 11 spell levels left.
You didn't know any spells.
Your spell library contained the following spells:

 Spells                   Type           Power      Damage    Failure   Level
 Apportation              Tloc           0%         N/A       96%         1
 Corpse Rot               Necr/Air       N/A        N/A       99%         2
 Poisonous Vapours        Pois/Air       0%         N/A       99%         2
 Ignite Poison            Fire/Tmut/Pois 0%         N/A       100%        3
 Mephitic Cloud           Conj/Pois/Air  0%         N/A       100%        3
 Portal Projectile        Hex/Tloc       0%         N/A       100%        3
 Passage of Golubria      Tloc           N/A        N/A       100%        4
 Petrify                  Tmut/Erth      0%         N/A       100%        4
 Alistair's Intoxication  Tmut/Pois      0%         N/A       100%        5
 Blade Hands              Tmut           0%         N/A       100%        5
 Excruciating Wounds      Necr           0%         N/A       100%        5
 Freezing Cloud           Conj/Ice/Air   0%         6-21      100%        5
 Irradiate                Conj/Tmut      0%         3d13      100%        5
 Silence                  Hex/Air        0%         N/A       100%        5
 Invisibility             Hex            0%         N/A       100%        6
 Lehudib's Crystal Spear  Conj/Erth      0%         10d2      100%        8
 Sublimation of Blood     Necr           Unusable   N/A       N/A         2

Dungeon Overview and Level Annotations

Branches:
Dungeon (11/15)            Temple (1/1) D:7             Orc (2/2) D:10
    Elf (0/3) Orc:2
   Lair: D:8-11

Altars:
Ashenzari
Elyvilon
Hepliaklqana
Kikubaaqudgha
Makhleb
Nemelex Xobeh
Okawaru
Ru
Sif Muna
Uskayaw
Vehumet
Xom
The Shining One

Shops:
D:2 !   D:4 [   D:6 *   Orc:2 ?:[(

Annotations:
D:3 3 runed translucent doors, siradein's ghost, amateur DDNe
D:9 1 runed translucent door, heikuro's ghost, journeyman FoEE


Innate Abilities, Weirdness & Mutations

You are immune to sickness and miasma.
Your stone body is resilient. (AC +8)
You are immune to poison.
You resist negative energy. (rN+)
You are resistant to electric shocks. (rElec)
You are resistant to unholy torment.
You are immune to petrification.
You are occasionally teleported next to monsters.


Message History

The boulder beetle is moderately wounded.
You block the boulder beetle's attack.
Okay, then.
Okay, then.
You fail to use your ability.
The boulder beetle bites you but does no damage.
The golden flame engulfs you but does no damage.
You resist.
The golden flame engulfs the boulder beetle but does no damage.
The boulder beetle is moderately wounded.
The boulder beetle bites you but does no damage.
Unknown command.
It was a potion of attraction.
You feel attractive to monsters.
The boulder beetle leaps!
The boulder beetle is attracted toward you.
It was a potion of haste.
You feel yourself speed up. The boulder beetle bites you!
* * * LOW HITPOINT WARNING * * *
The boulder beetle is attracted toward you.
The boulder beetle curls into a ball and begins rolling!
The boulder beetle is attracted toward you.
The boulder beetle is attracted toward you.
The boulder beetle closely misses you.
The boulder beetle stops rolling and uncurls.
Okay, then.
Aiming: Corrosive Bolt
Press: ? - help, Shift-Dir - straight line, f/p - boulder beetle
Aim: a boulder beetle (moderately wounded, haloed, 100% to hit)
The bolt of acid hits the boulder beetle but does no damage.
The boulder beetle is moderately wounded.
Unknown command.
Aiming: Corrosive Bolt
Press: ? - help, Shift-Dir - straight line, f/p - boulder beetle
Aim: a boulder beetle (moderately wounded, haloed, 100% to hit)
The bolt of acid hits the boulder beetle!
The acid corrodes the boulder beetle!
The boulder beetle is heavily wounded.
The boulder beetle bites you!!
You die...

....# #.# ..... #.# #.#
###.# ##.## #.# ##
#####...###.# .# ...
..#.....####### .# ..#
#...##........# .#
#.###...##.######.# .#
#.##..#.##.# .#
#.##.).@#..# .#
#.##)###B#.## .#
####.##)##○###.## .#
###....##.#§## ##.#
.####..)......##○###.##
......#.#########§#.##
#######.# ##.## #.# #§#
#.# #..


You could see a boulder beetle (corroded).

Vanquished Creatures
  Erolcha (Orc:2)
  3 two-headed ogres
  A tengu warrior (D:9)
  An orc knight (Orc:2)
  Pikel (D:6)
  An orc sorcerer (Orc:2)
  Maurice (D:10)
  An ice statue (D:10)
  Maggie (D:6)
  5 trolls
  Grinder (D:5)
  2 hornets
  Sigmund (D:5)
  A shadow (D:9)
  4 wyverns
  A wraith (D:10)
  6 yaks (D:9)
  Eustachio (D:6)
  A steam dragon (D:5)
  Edmund (D:5)
  3 wargs (Orc:2)
  An acid dragon (D:10)
  A water moccasin (D:7)
  2 sky beasts
  17 orc warriors
  2 black bears
  4 ogres
  9 centaurs
  2 lemures (D:6)
  2 kobold brigands
  2 bullfrogs
  2 gnoll sergeants (D:10)
  3 scorpions
  A wyvern zombie (D:8)
  2 wyvern skeletons (D:7)
  A water moccasin skeleton (D:5)
  14 killer bees
  13 wights
  4 howler monkeys
  A vampire bat (D:4)
  4 centaur zombies
  A centaur skeleton (D:5)
  3 hounds
  14 orc priests
  A bullfrog skeleton (D:6)
  Natasha (thrice) (D:4)
  5 iguanas
  15 orc wizards
  A hound skeleton (D:4)
  A howler monkey zombie (D:10)
  Robin (D:3)
  8 gnolls
  10 adders
  2 shadow imps
  3 white imps
  An ufetubus (D:5)
  A worm (D:2)
  3 fire bats (D:4)
  56 orcs
  2 spectral bats (D:4)
  4 ball pythons
  22 bats
  3 bat skeletons (D:4)
  A bat zombie (D:4)
  12 endoplasms
  A giant cockroach (D:1)
  14 goblins
  13 hobgoblins
  4 jackals (D:2)
  A quokka (D:2)
  A bat simulacrum (D:4)
  3 frilled lizards
  6 kobolds
  7 rats
348 creatures vanquished.

Vanquished Creatures (collateral kills)
  A wyvern (D:10)
  An orc priest (D:10)
  2 orcs (D:10)
4 creatures vanquished.

Grand Total: 352 creatures vanquished

Notes
Turn   | Place    | Note
-------+----------+-------------------------------------------
     0 | D:1      | robertstho the Gargoyle Fighter began the quest for the
                  | Orb.
     0 | D:1      | Reached XP level 1. HP: 14/14 MP: 1/1
   495 | D:1      | Reached XP level 2. HP: 18/19 MP: 2/2
   932 | D:1      | Reached skill level 4 in Armour
   933 | D:1      | Reached XP level 3. HP: 20/23 MP: 3/3
  1550 | D:2      | Found Panehoeg's Distillery.
  1565 | D:2      | Reached XP level 4. HP: 28/28 MP: 4/4
  1570 | D:2      | Bought a potion of degeneration for 14 gold pieces
  1570 | D:2      | Bought a potion of curing for 42 gold pieces
  2465 | D:3      | Reached XP level 5. HP: 24/33 MP: 5/5
  2471 | D:3      | Reached skill level 1 in Dodging
  2681 | D:3      | Noticed Robin
  2735 | D:3      | Killed Robin
  3050 | D:3      | Noticed a black bear
  3101 | D:3      | Found a runed translucent gate.
  3102 | D:3      | Found a runed translucent gate.
  3103 | D:3      | Found a runed translucent gate.
  3103 | D:3      | Noticed siradein's ghost (amateur DDNe)
  3296 | D:3      | Killed a black bear
  3297 | D:3      | Reached XP level 6. HP: 19/38 MP: 6/6
  3669 | D:3      | Reached skill level 5 in Armour
  4086 | D:4      | Found a radiant altar of Vehumet.
  4121 | D:4      | Found Qunauw's Armour Shoppe.
  4149 | D:4      | Reached XP level 7. HP: 41/44 MP: 7/7
  4595 | D:4      | Noticed Natasha
  4607 | D:4      | Killed Natasha
  4725 | D:4      | Noticed Natasha
  4732 | D:4      | Killed Natasha
  4733 | D:4      | Reached skill level 5 in Maces & Flails
  4736 | D:4      | Noticed Natasha
  4744 | D:4      | Killed Natasha
  4857 | D:5      | Entered Level 5 of the Dungeon
  4913 | D:5      | Reached skill level 5 in Fighting
  5512 | D:5      | Reached skill level 6 in Armour
  5512 | D:5      | Reached XP level 8. HP: 41/50 MP: 8/8
  5803 | D:5      | Noticed Sigmund
  5822 | D:5      | Killed Sigmund
  5871 | D:5      | Noticed Grinder
  5897 | D:5      | Killed Grinder
  5898 | D:5      | Reached skill level 7 in Armour
  6259 | D:5      | Reached XP level 9. HP: 25/56 MP: 9/9
  6533 | D:5      | Noticed Edmund
  6562 | D:5      | Killed Edmund
  6793 | D:6      | Reached skill level 5 in Shields
  6831 | D:6      | Noticed Eustachio
  6848 | D:6      | Killed Eustachio
  6931 | D:6      | Found Areas's Assorted Antiques.
  6946 | D:6      | Noticed Maggie
  6961 | D:6      | Killed Maggie
  6962 | D:6      | Reached skill level 8 in Armour
  7549 | D:6      | Noticed a troll
  7558 | D:6      | Killed a troll
  7690 | D:6      | Noticed Pikel
  7701 | D:6      | Killed Pikel
  7702 | D:6      | Reached XP level 10. HP: 57/64 MP: 10/10
  7977 | D:7      | Reached skill level 9 in Armour
  8212 | D:7      | Found a staircase to the Ecumenical Temple.
  8275 | Temple   | Entered the Ecumenical Temple
  8382 | Temple   | Became a worshipper of the Shining One
  8941 | D:7      | Reached skill level 1 in Invocations
  9185 | D:8      | Identified the +8 long sword of the Magi {chaos, rN+ Str+2}
  9432 | D:8      | Identified the +9 hunting sling "Uclah" {flame, Fly rF+
                  | Str+2}
  9435 | D:8      | Reached * piety under the Shining One
 10450 | D:9      | Noticed a tengu warrior
 10472 | D:9      | Killed a tengu warrior
 10473 | D:9      | Reached skill level 1 in Slings
 10761 | D:9      | Reached XP level 11. HP: 71/71 MP: 13/13
 10952 | D:9      | Noticed heikuro's ghost (journeyman FoEE)
 10956 | D:9      | Found a runed translucent door.
 10989 | D:9      | Reached skill level 10 in Armour
 11425 | D:10     | Entered Level 10 of the Dungeon
 11628 | D:10     | Found a staircase to the Orcish Mines.
 11858 | D:10     | Noticed a frost giant
 11858 | D:10     | Noticed an orc knight
 11862 | D:10     | Noticed a cyclops
 11862 | D:10     | Reached ** piety under the Shining One
 11864 | D:10     | Noticed an ogre mage
 11887 | D:10     | Noticed a fire dragon
 11890 | D:10     | Noticed a spark wasp
 11890 | D:10     | a fire dragon changed into a spark wasp
 11907 | D:10     | a spark wasp changed into a tyrant leech
 11942 | D:10     | Noticed a swamp dragon
 11942 | D:10     | a shapeshifter changed into a swamp dragon
 12120 | D:10     | Noticed an ice dragon
 12199 | D:10     | Noticed a two-headed ogre
 12214 | D:10     | HP: 1/72 [orc priest/divine providence (11)]
 12354 | D:10     | Noticed Maurice
 12354 | D:10     | Reached *** piety under the Shining One
 12355 | D:10     | Identified a scroll of acquirement
 12355 | D:10     | Acquired the ring "Xiumuhaj" {rN+ rCorr MP+9 Int+2 Dex+2}
 12388 | D:10     | Killed Maurice
 12759 | D:10     | Noticed a two-headed ogre
 12766 | D:10     | Killed a two-headed ogre
 12767 | D:10     | Reached skill level 10 in Fighting
 12767 | D:10     | Reached skill level 5 in Slings
 12777 | D:10     | Reached skill level 5 in Invocations
 13067 | D:10     | Killed a two-headed ogre
 13068 | D:10     | Reached XP level 12. HP: 77/77 MP: 15/15
 13271 | Orc:1    | Entered Level 1 of the Orcish Mines
 13541 | Orc:2    | Entered Level 2 of the Orcish Mines
 13543 | Orc:2    | Noticed a two-headed ogre
 13549 | Orc:2    | Killed a two-headed ogre
 14056 | Orc:1    | Found a shimmering altar of Xom.
 14282 | Orc:2    | Found Buqubaff's Magic Scroll Emporium.
 14310 | Orc:2    | Found a staircase to the Elven Halls.
 14367 | Orc:2    | Bought a scroll of identify for 34 gold pieces
 14367 | Orc:2    | Bought a scroll of vulnerability for 127 gold pieces
 14367 | Orc:2    | Bought a scroll of fear for 59 gold pieces
 14367 | Orc:2    | Bought a scroll of identify for 34 gold pieces
 14367 | Orc:2    | Bought a scroll of identify for 34 gold pieces
 14367 | Orc:2    | Bought a scroll of blinking for 127 gold pieces
 14367 | Orc:2    | Bought a scroll of teleportation for 51 gold pieces
 14926 | Orc:2    | Gained mutation: You are occasionally teleported next to
                  | monsters. [a neqoxec]
 14929 | Orc:2    | Paralysed by an orc sorcerer for 5 turns
 14936 | Orc:2    | Reached skill level 11 in Armour
 15026 | Orc:2    | Found Xeza's Book Shop.
 15080 | Orc:2    | Found Pyma's Antique Armour Shop.
 15080 | Orc:2    | Noticed Erolcha
 15087 | Orc:2    | Killed Erolcha
 15110 | Orc:2    | Found Ciakhem's Antique Weapon Shop.
 15143 | Orc:2    | Noticed an orc high priest
 15145 | Orc:2    | Noticed an orc high priest
 15145 | Orc:2    | Reached **** piety under the Shining One
 15153 | Orc:2    | Noticed a soul eater
 15165 | Orc:2    | Noticed a sun demon
 15171 | Orc:2    | Noticed an orc high priest
 15663 | D:11     | Noticed a boulder beetle
 15705 | D:11     | Slain by a boulder beetle

Illustrated notes

Levels and vault maps discovered:
D:1:      minmay_arrival_cross, layout_basic, st_stairs_2
D:2:      layout_loops_cross, serial_shops, nicolae_shop_waterfront
D:3:      layout_rooms, gammafunk_ghost_split, uniq_robin
D:4:      layout_rooms, vehumet_crystals, serial_shops, shop, goddamned_bats,
          uniq_natasha
D:5:      layout_loops_ring, fountainhead, minmay_pentangle, uniq_grinder,
          uniq_edmund, uniq_sigmund
D:6:      layout_loops_cross, serial_shops, kennysheep_little_box,
          mrwooster_statue_mirror, kb_rosetta, uniq_maggie, uniq_pikel,
          uniq_eustachio
D:7:      layout_loops_ring, minmay_temple_entry_waves
D:8:      layout_cave_pools, chequers_serial_rivers_room_b
D:9:      layout_roguey, hellmonk_ghost_big_iron
D:10:     minmay_spotlight, layout_basic, david_orc_3, st_stairs_13,
          abandoned_shop, minivault_16, onia_ninara_dug_in_and_dangerous,
          uniq_maurice
D:11:     layout_loops_ring, david_lair_shrubbed, uniq_josephine
Temple:   minmay_crystal_snake_temple
Orc:1:    layout_caves, basic_altar, nicolae_orc_lava_room
Orc:2:    st_orc_elflike, layout_caves, serial_shops, shop, shop,
          nicolae_shop_trees, shop, statue_in_the_mist_lemuel, uniq_erolcha

Skill      XL: |  1  2  3  4  5  6  7  8  9 10 11 12 |
---------------+-------------------------------------+-----
Armour         | 4 5 6 7 8 9 10 11 | 11.1
Maces & Flails | 3 4 5 6 8 9 |  9.7
Dodging        | 1 2 3 |  3.1
Fighting       | 4 5 6 8 9 10 | 10.7
Shields        | 4 5 6 |  6.7
Invocations    | 2 5 6 |  6.1
Slings         | 1 5 7 |  7.0
Evocations     | |  0.3

Action                   |  1- 3 |  4- 6 |  7- 9 | 10-12 || total
-------------------------+-------+-------+-------+-------++-------
Melee: Flail             |   137 |   274 |   441 |   283 ||  1135
       Hunting sling     |       |       |       |     2 ||     2
 Fire: Hunting sling     |       |       |       |   498 ||   498
Invok: Divine Shield     |       |       |       |     1 ||     1
       Cleansing Flame   |       |       |       |     2 ||     2
Evoke: Wand              |       |       |       |    12 ||    12
  Use: Potion            |       |     3 |     2 |     6 ||    11
       Scroll            |       |     3 |     5 |    14 ||    22
Armor: Scale mail        |    83 |       |       |       ||    83
       Chain mail        |    34 |   243 |   330 |    38 ||   645
       Plate armour      |       |       |       |   375 ||   375
Dodge: Dodged            |    91 |   133 |   256 |   273 ||   753
Block: Buckler           |    44 |    89 |   102 |   196 ||   431

Table legend: (Time is in decaauts)
 A = Elapsed time spent in this place.
 B = Non-inter-level travel time spent in this place.
 C = Inter-level travel time spent in this place.
 D = Time resting spent in this place.
 E = Time spent auto-exploring this place.
 F = Levels seen in this place.
 G = Mean time per level.
                   A        B        C        D        E       F      G
               +--------+--------+--------+--------+--------+-----+--------+
         Total |  15825 |  14909 |    916 |   2209 |   9527 |  14 | 1130.4 |
       Dungeon |  13492 |  12724 |    768 |   1500 |   8455 |  11 | 1226.5 |
        Temple |    171 |    116 |     55 |      0 |    101 |   1 |  171.0 |
  Orcish Mines |   2160 |   2068 |     92 |    709 |    971 |   2 | 1080.0 |
               +--------+--------+--------+--------+--------+-----+--------+

Top non-repeatable levels by time:
     D:5: 1878 daAuts
    D:10: 1856 daAuts
     D:1: 1646 daAuts
   Orc:1: 1408 daAuts
     D:3: 1303 daAuts
     D:2: 1301 daAuts
     D:4: 1281 daAuts
     D:6: 1237 daAuts
     D:9: 1070 daAuts
     D:7: 1008 daAuts
   Orc:2: 752 daAuts
     D:8: 676 daAuts
    D:11: 232 daAuts
  Temple: 171 daAuts
